AoeStats
← Reznov

Baltic

510805945Analyzed
3v3 RM · 12h ago on Oct 2, 2026· 45m 30s· 6 players
Game mode
Random Map
Map size
Normal (6 player)
Population
200
Speed
Normal
Resources
Standard
Victory
Conquest
Starting age
Dark Age
Ending age
Imperial Age
RankedLock teamsTeams togetherTeam positionsShared explorationLock speedFull tech treeHidden civsTurbo modeCheats
Victory
Defeat
🇨🇦 Romans · Canada
937
+15
🇨🇭 Byzantines · Switzerland
903
+16
🇨🇱 Portuguese · Chile
889
+17
🇨🇱 Huns · Chile
1000
-60
🇨🇱 Saxons · Chile
901
-45
🇨🇱 Sicilians · Chile
834
-32
excequielvii
11:29 Feudal Age
11:48 Loom
15:18 Double-Bit Axe
17:34 Fishing Lines
20:28 Town Watch
21:38 Fletching
26:05 Castle Age
26:59 Medium Warships
27:49 Bodkin Arrow
34:10 Imperial Age
32:18 Wheelbarrow
33:27 Bow Saw
33:30 Scale Mail Armor
33:41 Forging
34:03 Gillnets
34:11 Pikeman
38:40 Chemistry
37:46 Siege Engineers
39:16 Caravan
Razel
10:59 Feudal Age
17:09 Castle Age
15:45 Double-Bit Axe
18:05 Horse Collar
25:35 Wheelbarrow
25:05 Heavy Plow
25:14 Gold Mining
30:46 Imperial Age
28:36 Bow Saw
28:33 Scale Barding Armor
28:28 Scale Mail Armor
28:23 Stone Mining
30:14 Hand Cart
31:25 Gold Shaft Mining
31:51 Conscription
32:51 Chain Barding Armor
32:46 Chain Mail Armor
34:25 Two-Man Saw
37:58 Plate Barding Armor
37:54 Plate Mail Armor
38:16 Caravan
38:40 Logistica
39:24 Elite Cataphract
dasorux
11:06 Feudal Age
11:45 Double-Bit Axe
13:49 Fishing Lines
15:43 Wheelbarrow
17:39 Gold Mining
20:50 Castle Age
19:07 Horse Collar
18:53 Man-at-Arms
22:08 Bow Saw
21:54 Long Swordsman
22:35 Squires
21:58 Pikeman
23:20 Scale Mail Armor
23:31 Forging
25:59 Town Watch
26:31 Chain Mail Armor
27:15 Heavy Plow
27:58 Iron Casting
27:14 Fletching
27:19 Gillnets
28:26 Hand Cart
31:44 Imperial Age
29:36 Town Patrol
31:46 Legionary
33:16 Halberdier
33:56 Bodkin Arrow
34:46 Medium Warships
35:53 Conscription
37:03 Comitatenses
39:20 Ballistas
38:41 Light Cavalry
39:32 Bloodlines
39:23 Husbandry
38:44 Cavalier
40:44 Blast Furnace
39:50 Scale Barding Armor
40:18 Crop Rotation
41:27 Gold Shaft Mining
42:32 Siege Engineers
42:49 Ballistics
42:40 Masonry
42:54 Shipwright
42:47 Clinker Construction
42:50 Careening
43:35 Chain Barding Armor
42:41 Elite Centurion
43:51 Heavy Scorpion
CrisBuster98
1:59 Loom
10:12 Feudal Age
10:43 Double-Bit Axe
10:42 Horse Collar
16:02 Man-at-Arms
16:15 Man-at-Arms
17:18 Gold Mining
20:54 Castle Age
20:12 Bloodlines
24:57 Light Cavalry
27:07 Arson
27:29 Horse Collar
28:52 Stone Mining
29:09 Heavy Plow
30:40 Husbandry
34:07 Wheelbarrow
35:37 Hand Cart
36:07 Gold Shaft Mining
38:23 Forging
38:20 Scale Barding Armor
38:19 Scale Mail Armor
38:09 Fletching
38:20 Padded Archer Armor
38:37 Squires
43:40 Imperial Age
41:22 Clerical Recruitment
44:56 Elite Varangian Guard
Reznov
1:58 Loom
10:31 Feudal Age
16:57 Forging
23:53 Castle Age
21:51 Double-Bit Axe
21:49 Horse Collar
23:50 Gold Mining
23:53 Stone Mining
25:05 Demolition Ship
27:50 Squires
27:53 Scale Mail Armor
30:21 Caravan
32:10 Gold Shaft Mining
32:12 Stone Shaft Mining
31:51 Bow Saw
31:43 Heavy Plow
32:01 Fervor
33:46 Fletching
33:56 Murder Holes
34:21 Ballistics
34:15 Elite Skirmisher
35:56 Wheelbarrow
38:08 Imperial Age
35:25 Town Watch
36:17 Wheelbarrow
37:05 Husbandry
37:17 Bloodlines
36:32 Pikeman
37:03 Gambesons
37:27 Scale Barding Armor
39:14 Medium Warships
38:27 Demolition Ship
40:27 Heavy Warships
39:47 Elite Serjeant
39:48 Halberdier
43:00 Chemistry
41:55 Cavalier
edward.andrade
11:36 Feudal Age
12:11 Loom
15:17 Wheelbarrow
26:17 Castle Age
25:58 Bloodlines
25:17 Man-at-Arms
25:46 Arson
27:09 Horse Collar
32:47 Ballistics
31:53 Pikeman
31:54 Long Swordsman
32:35 Squires
32:00 Crossbowman
32:47 Husbandry
32:08 Light Cavalry
42:28 Imperial Age
39:53 Town Watch
41:52 Masonry
41:50 Marauders
42:50 Thumb Ring
43:36 Conscription
44:51 Elite Skirmisher
Connection lost

Rejoining the realm…

Still unreachable

The connection could not be restored.

Session expired

The server has moved on; the page needs a fresh start.